MLB
HOUSTON ASTROS @ CLEVELAND GUARDIANS
08/22/2098
 
TOP OF THE 1ST
Houston Astros batting - Pitching for Cleveland Guardians : LHP Art Tesar
Pitching: LHP Art Tesar
Batting: LHB Ricky Gomez 0-0: Fly out, F7 (Flyball, 7D, EV 96.9 MPH)
Batting: RHB Jeff Cinnamon 0-0: Called Strike
0-1: Swinging Strike
0-2: Ball
1-2: Strikes out swinging
Batting: RHB Kyle Stewart 0-0: DOUBLE (Line Drive, 7LM, EV 110.0 MPH)
Batting: LHB Alex Perez 0-0: Ball
1-0: Called Strike
1-1: Swinging Strike
1-2: Strikes out swinging
Top of the 1st over - 0 runs, 1 hit, 0 errors, 1 left on base; Houston 0 - Cleveland 0
BOTTOM OF THE 1ST
Cleveland Guardians batting - Pitching for Houston Astros : RHP Ron Lord
Pitching: RHP Ron Lord
Batting: LHB Mel Soto 0-0: Called Strike
0-1: Swinging Strike
0-2: Strikes out swinging
Batting: LHB Donny Liebler 0-0: Foul Ball, location: 23F
0-1: Ball
1-1: Foul Ball, location: 2RF
1-2: Foul Ball, location: 23F
1-2: Foul Ball, location: 2F
1-2: Foul Ball, location: 2F
1-2: SOLO HOME RUN (Flyball, 89XD, EV 98.8 MPH), Distance : 382 ft
Batting: LHB Jonathan Setzler 0-0: Ball
1-0: Called Strike
1-1: Foul Ball, location: 3F
1-2: Foul Ball, location: 5DF
1-2: Strikes out looking
Batting: RHB Barry Nicholson 0-0: Called Strike
0-1: Ball
1-1: Foul Ball, location: 2F
1-2: Ball
2-2: Ball
3-2: Base on Balls
Batting: LHB Matt Cleary 0-0: Called Strike
0-1: Ball
1-1: Ball
2-1: Foul Ball, location: 9LMF
2-2: Ground out 1-3 (Groundball, 34S, EV 63.1 MPH)
Bottom of the 1st over - 1 run, 1 hit, 0 errors, 1 left on base; Houston 0 - Cleveland 1
TOP OF THE 2ND
Houston Astros batting - Pitching for Cleveland Guardians : LHP Art Tesar
Batting: LHB Roy Lazzaro 0-0: Called Strike
0-1: SINGLE (Line Drive, 78S, EV 98.1 MPH)
Batting: RHB Frank Kelsay 0-0: Called Strike
0-1: Ball
Roy Lazzaro is caught stealing 2nd base 2-4
1-1: Ground out 6-3 (Groundball, 6, EV 95.6 MPH)
Batting: RHB Erik Ellsworth 0-0: SINGLE (Groundball, 56, EV 86.3 MPH)
Batting: LHB Aaron Bruckerhoff 0-0: Called Strike
0-1: Ground out U3 (Groundball, 3, EV 101.9 MPH)
Top of the 2nd over - 0 runs, 2 hits, 0 errors, 1 left on base; Houston 0 - Cleveland 1
BOTTOM OF THE 2ND
Cleveland Guardians batting - Pitching for Houston Astros : RHP Ron Lord
Batting: SHB Jose Agramonte 0-0: Swinging Strike
0-1: Foul Ball, location: 23F
0-2: Ball
1-2: Ground out 4-3 (Groundball, 4, EV 72.5 MPH)
Batting: LHB Dallas Ostrove 0-0: Ball
1-0: Ball
2-0: Foul Ball, location: 2F
2-1: Ball
3-1: Base on Balls
Batting: RHB Chris Downs 0-0: Ball
1-0: Foul Ball, location: 2F
1-1: Ball
2-1: Foul Ball, location: 5F
2-2: Ball
3-2: Strikes out looking
Batting: RHB Chris Goacher 0-0: Called Strike
0-1: Swinging Strike
0-2: Ball
1-2: Fielders Choice at 2nd, 6-4 (Groundball, 6, EV 90.6 MPH)
Bottom of the 2nd over - 0 runs, 0 hits, 0 errors, 1 left on base; Houston 0 - Cleveland 1
TOP OF THE 3RD
Houston Astros batting - Pitching for Cleveland Guardians : LHP Art Tesar
Batting: RHB Manchu Hu 0-0: Ball
1-0: Ball
2-0: Ball
3-0: Base on Balls
Batting: LHB Ricky Gomez 0-0: Ball
1-0: Called Strike
1-1: Ball
2-1: Fly out, F7 (Flyball, 78S, EV 96.9 MPH)
Batting: RHB Jeff Cinnamon 0-0: Ball
1-0: Ball
2-0: Ball
3-0: Called Strike
3-1: Base on Balls
Manchu Hu to second
Batting: RHB Kyle Stewart 0-0: Called Strike
0-1: Ball
1-1: Ball
2-1: DOUBLE (Line Drive, 89XD, EV 105.0 MPH)
Manchu Hu scores
Jeff Cinnamon to third
Runner from 3rd tries for Home, SAFE, throw by CF to trailing runner, OUT at third! 8-3-5
Batting: LHB Alex Perez 0-0: Foul Ball, location: 2F
0-1: Ball
1-1: SINGLE (Groundball, 6MD, EV 108.1 MPH)
Batting: LHB Roy Lazzaro 0-0: Fly out, F8 (Flyball, 8LS, EV 80.6 MPH)
Top of the 3rd over - 2 runs, 2 hits, 0 errors, 1 left on base; Houston 2 - Cleveland 1
BOTTOM OF THE 3RD
Cleveland Guardians batting - Pitching for Houston Astros : RHP Ron Lord
Batting: LHB Mel Soto 0-0: Swinging Strike
0-1: Swinging Strike
0-2: Strikes out looking
Batting: LHB Donny Liebler 0-0: Ball
1-0: Ball
2-0: SINGLE (Flyball, 7LS, EV 98.8 MPH)
Batting: LHB Jonathan Setzler 0-0: Ball
1-0: Fly out, F7 (Flyball, 7D, EV 86.3 MPH)
Batting: RHB Barry Nicholson 0-0: Ball
1-0: Ground out 1-3 (Groundball, 13S, EV 66.3 MPH)
Bottom of the 3rd over - 0 runs, 1 hit, 0 errors, 1 left on base; Houston 2 - Cleveland 1
TOP OF THE 4TH
Houston Astros batting - Pitching for Cleveland Guardians : LHP Art Tesar
Batting: RHB Frank Kelsay 0-0: Called Strike
0-1: Called Strike
0-2: Foul Ball, location: 3SF
0-2: Ball
1-2: SINGLE (Groundball, 6MD, EV 103.1 MPH)
Batting: RHB Erik Ellsworth 0-0: Foul Ball, location: 2F
0-1: Ball
1-1: Ball
2-1: SINGLE (Groundball, 13S, EV 66.9 MPH) (infield hit)
Frank Kelsay to second
Batting: LHB Aaron Bruckerhoff 0-0: Ball
1-0: Grounds out, U3 (Groundball, 3L, EV 88.8 MPH)
Frank Kelsay to third
Batting: RHB Manchu Hu 0-0: Ball
1-0: Ball
2-0: 3-RUN HOME RUN (Flyball, 78XD, EV 110.6 MPH), Distance : 432 ft
Batting: LHB Ricky Gomez 0-0: Fly out, F6 (Popup, 6MD, EV 55.6 MPH)
Batting: RHB Jeff Cinnamon 0-0: Ball
1-0: Ball
2-0: Called Strike
2-1: Ball
3-1: Foul Ball, location: 3SF
3-2: Base on Balls
Pitching: RHP Ernesto Neri
Batting: RHB Kyle Stewart 0-0: Ball
1-0: Ball
2-0: Ball
3-0: Called Strike
3-1: Called Strike
3-2: Ground out 6-3 (Groundball, 6M, EV 90.6 MPH)
Top of the 4th over - 3 runs, 3 hits, 0 errors, 1 left on base; Houston 5 - Cleveland 1
BOTTOM OF THE 4TH
Cleveland Guardians batting - Pitching for Houston Astros : RHP Ron Lord
Batting: LHB Matt Cleary 0-0: Ball
1-0: Called Strike
1-1: Called Strike
1-2: Foul Ball, location: 2RF
1-2: SINGLE (Line Drive, 3D, EV 71.3 MPH)
Batting: SHB Jose Agramonte 0-0: Called Strike
0-1: Swinging Strike
0-2: Strikes out looking
Batting: LHB Dallas Ostrove 0-0: Ball
1-0: Swinging Strike
1-1: Swinging Strike
1-2: Foul Ball, location: 2F
1-2: Ball
2-2: Foul Ball, location: 5DF
2-2: Ball
3-2: Base on Balls
Matt Cleary to second
Pitching: RHP Larry DeWolfe
Batting: RHB Chris Downs 0-0: Called Strike
0-1: Called Strike
0-2: Fly out, F7 (Line Drive, 78M, EV 96.9 MPH)
Batting: RHB Chris Goacher 0-0: Ball
1-0: Ball
2-0: Ball
3-0: Called Strike
3-1: Fielders Choice at 2nd, 6-4 (Groundball, 6, EV 75.0 MPH)
Bottom of the 4th over - 0 runs, 1 hit, 0 errors, 2 left on base; Houston 5 - Cleveland 1
TOP OF THE 5TH
Houston Astros batting - Pitching for Cleveland Guardians : RHP Ernesto Neri
Batting: LHB Alex Perez 0-0: Called Strike
0-1: Ball
1-1: Swinging Strike
1-2: Strikes out looking
Batting: LHB Roy Lazzaro 0-0: Called Strike
0-1: Fly out, F8 (Flyball, 8LXD, EV 104.4 MPH)
Batting: RHB Frank Kelsay 0-0: Called Strike
0-1: Called Strike
0-2: Foul Ball, location: 9LSF
0-2: Fly out, F9 (Flyball, 9LSF, EV 93.8 MPH)
Top of the 5th over - 0 runs, 0 hits, 0 errors, 0 left on base; Houston 5 - Cleveland 1
BOTTOM OF THE 5TH
Cleveland Guardians batting - Pitching for Houston Astros : RHP Larry DeWolfe
Batting: LHB Mel Soto 0-0: Ball
1-0: Called Strike
1-1: Foul Ball, location: 2F
1-2: Foul Ball, location: 2F
1-2: Ball
2-2: Ball
3-2: Strikes out swinging
Batting: LHB Donny Liebler 0-0: Ball
1-0: Ball
2-0: Foul Ball, location: 3F
2-1: Ball
3-1: Called Strike
3-2: Base on Balls
Batting: LHB Jonathan Setzler 0-0: Called Strike
0-1: Ball
1-1: Foul Ball, location: 2F
1-2: Foul Ball, location: 3FF
1-2: Ball
2-2: Ball
3-2: Base on Balls
Donny Liebler to second
Batting: RHB Barry Nicholson 0-0: Swinging Strike
0-1: Foul Ball, location: 7LMF
0-2: Ball
1-2: Ball
2-2: SINGLE (Groundball, 4D, EV 96.3 MPH)
Donny Liebler to third
Jonathan Setzler to second
Batting: LHB Matt Cleary 0-0: Called Strike
0-1: Ball
1-1: Foul Ball, location: 2F
1-2: Ball
2-2: Foul Ball, location: 3FF
2-2: Foul Ball, location: 2LF
2-2: Ball
3-2: Grounds into fielders choice 1-2 (Groundball, 13S, EV 72.5 MPH)
Jonathan Setzler to third
Barry Nicholson to second
Batting: SHB Jose Agramonte 0-0: Swinging Strike
0-1: Foul Ball, location: 7LSF
0-2: Ball
1-2: Fly out, F3 (Popup, 23F, EV 78.8 MPH)
Bottom of the 5th over - 0 runs, 1 hit, 0 errors, 3 left on base; Houston 5 - Cleveland 1
TOP OF THE 6TH
Houston Astros batting - Pitching for Cleveland Guardians : RHP Ernesto Neri
Batting: RHB Erik Ellsworth 0-0: Ball
1-0: Called Strike
1-1: Fly out, F9 (Flyball, 89D, EV 98.1 MPH)
Batting: LHB Aaron Bruckerhoff 0-0: Foul Ball, location: 3FF
0-1: Ball
1-1: Ball
2-1: Foul Ball, location: 3DF
2-2: Foul Ball, location: 2F
2-2: Ball
3-2: Fly out, F3 (Popup, 3L, EV 74.4 MPH)
Batting: RHB Manchu Hu 0-0: Called Strike
0-1: Called Strike
0-2: Ball
1-2: Ball
2-2: Strikes out swinging
Top of the 6th over - 0 runs, 0 hits, 0 errors, 0 left on base; Houston 5 - Cleveland 1
BOTTOM OF THE 6TH
Cleveland Guardians batting - Pitching for Houston Astros : RHP Larry DeWolfe
Batting: LHB Dallas Ostrove 0-0: Ball
1-0: Ball
2-0: Ball
3-0: Called Strike
3-1: Base on Balls
Pitching: RHP Vince Geiger
Batting: RHB Chris Downs 0-0: Ball
1-0: Ball
2-0: Called Strike
2-1: SINGLE (Groundball, 56D, EV 104.4 MPH)
Dallas Ostrove to second
Batting: RHB Chris Goacher 0-0: Ball
1-0: Ball
2-0: Fielders Choice at 2nd, 4-6 (Groundball, 4S, EV 78.8 MPH)
Dallas Ostrove to third
Batting: LHB Mel Soto 0-0: Called Strike
0-1: Called Strike
0-2: Hit by Pitch
Chris Goacher to second
Batting: LHB Donny Liebler 0-0: Ball
1-0: Foul Ball, location: 25F
1-1: Foul Ball, location: 5SF
1-2: Ball
2-2: Ball
3-2: Base on Balls
Dallas Ostrove scores
Chris Goacher to third
Mel Soto to second
Batting: LHB Jonathan Setzler 0-0: Foul Ball, location: 2F
0-1: Swinging Strike
0-2: Strikes out swinging
Batting: RHB Barry Nicholson 0-0: Called Strike
0-1: Called Strike
0-2: Ball
1-2: Ball
2-2: Strikes out swinging
Bottom of the 6th over - 1 run, 1 hit, 0 errors, 3 left on base; Houston 5 - Cleveland 2
TOP OF THE 7TH
Houston Astros batting - Pitching for Cleveland Guardians : RHP Ernesto Neri
Batting: LHB Ricky Gomez 0-0: SINGLE (Groundball, 15, EV 67.5 MPH) (infield hit)
Batting: RHB Jeff Cinnamon 0-0: Ball
Ricky Gomez steals 2nd base (no throw)
1-0: Intentional Walk
Batting: RHB Kyle Stewart 0-0: Ball
1-0: Called Strike
1-1: Called Strike
1-2: Foul Ball, location: 23FF
1-2: Ball
2-2: Foul Ball, location: 2F
2-2: Strikes out looking
Pitching: RHP Garrett Everett
Batting: LHB Alex Perez 0-0: Foul Ball, location: 2F
0-1: Foul Ball, location: 3F
0-2: Foul Ball, location: 5F
0-2: Strikes out looking
Batting: LHB Roy Lazzaro 0-0: Ball
1-0: Ball
Wild Pitch!
Ricky Gomez to third
Jeff Cinnamon to second
2-0: Foul Ball, location: 2RF
2-1: SINGLE (Groundball, 6MS, EV 80.6 MPH) (infield hit)
Ricky Gomez scores
Jeff Cinnamon to third
Batting: RHB Frank Kelsay 0-0: Called Strike
0-1: Swinging Strike
0-2: Ball
1-2: Ground out 1-3 (Groundball, 15, EV 64.4 MPH)
Top of the 7th over - 1 run, 2 hits, 0 errors, 2 left on base; Houston 6 - Cleveland 2
BOTTOM OF THE 7TH
Cleveland Guardians batting - Pitching for Houston Astros : RHP Vince Geiger
Pitching: RHP Graham Burch
Batting: LHB Matt Cleary 0-0: Ball
1-0: Called Strike
1-1: Ground out 4-3 (Groundball, 4, EV 77.5 MPH)
Batting: SHB Jose Agramonte 0-0: Ball
1-0: Ball
2-0: Ball
3-0: Base on Balls
Batting: LHB Dallas Ostrove 0-0: Swinging Strike
0-1: Swinging Strike
0-2: Strikes out swinging
Batting: RHB Chris Downs 0-0: Ball
Jose Agramonte steals 2nd base
1-0: Called Strike
1-1: Called Strike
1-2: Ball
2-2: Ball
3-2: Ground out 5-3 (Groundball, 56, EV 77.5 MPH)
Bottom of the 7th over - 0 runs, 0 hits, 0 errors, 1 left on base; Houston 6 - Cleveland 2
TOP OF THE 8TH
Houston Astros batting - Pitching for Cleveland Guardians : RHP Garrett Everett
Batting: RHB Erik Ellsworth 0-0: Ball
1-0: Called Strike
1-1: Ball
2-1: Ground out 4-3 (Groundball, 34D, EV 95.6 MPH)
Batting: LHB Aaron Bruckerhoff 0-0: Foul Ball, location: 2F
0-1: Ball
1-1: Called Strike
1-2: Ball
2-2: Strikes out looking
Batting: RHB Manchu Hu 0-0: Foul Ball, location: 2F
0-1: Ball
1-1: Called Strike
1-2: Foul Ball, location: 2F
1-2: Ball
2-2: Strikes out looking
Top of the 8th over - 0 runs, 0 hits, 0 errors, 0 left on base; Houston 6 - Cleveland 2
BOTTOM OF THE 8TH
Cleveland Guardians batting - Pitching for Houston Astros : RHP Graham Burch
Batting: RHB Chris Goacher 0-0: Called Strike
0-1: Ball
1-1: Ball
2-1: Foul Ball, location: 2F
2-2: Fly out, F9 (Line Drive, 9, EV 101.9 MPH)
Batting: LHB Mel Soto 0-0: Called Strike
0-1: Foul Ball, location: 5SF
0-2: Ball
1-2: Foul Ball, location: 2F
1-2: Foul Ball, location: 9LSF
1-2: Ball
2-2: Ball
3-2: Foul Ball, location: 2F
3-2: SINGLE (Flyball, 78M, EV 95.6 MPH)
Pitching: RHP Dylan Scott
Batting: LHB Donny Liebler 0-0: Foul Ball, location: 2F
0-1: Fly out, F8 (Flyball, 8RXD, EV 107.5 MPH)
Batting: LHB Jonathan Setzler 0-0: Called Strike
0-1: Called Strike
0-2: Ball
1-2: Ball
2-2: Ball
Wild Pitch!
Mel Soto to second
3-2: Base on Balls
Batting: RHB Barry Nicholson 0-0: Ball
1-0: Foul Ball, location: 9LSF
1-1: Ball
2-1: Fielders Choice at 2nd, 6-4 (Groundball, 6, EV 101.3 MPH)
Bottom of the 8th over - 0 runs, 1 hit, 0 errors, 2 left on base; Houston 6 - Cleveland 2
TOP OF THE 9TH
Houston Astros batting - Pitching for Cleveland Guardians : RHP Garrett Everett
Pitching: RHP Rich Valente
Batting: LHB Ricky Gomez 0-0: Called Strike
0-1: Called Strike
0-2: Ball
1-2: Foul Ball, location: 2F
1-2: Ground out U3 (Groundball, 3S, EV 66.3 MPH)
Batting: RHB Jeff Cinnamon 0-0: SINGLE (Line Drive, 9S, EV 94.4 MPH)
Batting: RHB Kyle Stewart 0-0: Grounds into double play, 5-4-3 (Groundball, 56, EV 98.8 MPH)
Top of the 9th over - 0 runs, 1 hit, 0 errors, 0 left on base; Houston 6 - Cleveland 2
BOTTOM OF THE 9TH
Cleveland Guardians batting - Pitching for Houston Astros : RHP Dylan Scott
Pitching: RHP Guillermo Padron
Batting: LHB Matt Cleary 0-0: Ground out U3 (Groundball, 34S, EV 101.9 MPH)
Batting: SHB Jose Agramonte 0-0: Ball
1-0: Foul Ball, location: 2F
1-1: SOLO HOME RUN (Flyball, 9D, EV 95.0 MPH), Distance : 369 ft
Batting: LHB Dallas Ostrove 0-0: Ball
1-0: Foul Ball, location: 2F
1-1: Foul Ball, location: 2F
1-2: Foul Ball, location: 3FF
1-2: Foul Ball, location: 7LSF
1-2: Fly out, F8 (Line Drive, 8RD, EV 95.0 MPH)
Batting: RHB Chris Downs 0-0: Called Strike
0-1: Foul Ball, location: 5F
0-2: Fly out, F9 (Line Drive, 9S, EV 85.6 MPH)
Bottom of the 9th over - 1 run, 1 hit, 0 errors, 0 left on base; Houston 6 - Cleveland 3
Saturday, April 13th , 2024 - OOTP Baseball 24.11 Build 85